 Dungeon Crawl Stone Soup version 0.22-a0-429-g97ce8ef (webtiles) character file.

39 Jynxie the Firebug (level 3, -4/20 HPs)
             Began as a Tengu Fire Elementalist on May 25, 2018.
             Slain by a gnoll
             ... wielding a +0 flail
              (13 damage)
             ... on level 1 of the Dungeon.
             The game lasted 00:07:45 (1679 turns).

Jynxie the Firebug (Tengu Fire Elementalist)        Turns: 1679, Time: 00:07:46

Health: -4/20      AC:  2    Str:  8    XL:     3   Next: 47%
Magic:  7/7        EV: 12    Int: 16    God:
Gold:   96         SH:  0    Dex: 14    Spells: 0/6 levels left

rFire    . . .     SeeInvis .   c - +0 short sword
rCold    . . .     Gourm    .   (no shield)
rNeg     . . .     Faith    .   a - +0 robe
rPois    .         Spirit   .   (helmet restricted)
rElec    .         Reflect  .   (no cloak)
rCorr    .         Harm     .   (no gloves)
MR       .....                  (boots unavailable)
Stlth    ++........             (no amulet)
HPRegen  0.06/turn              (no ring)
MPRegen  0.10/turn              (no ring)

@: no status effects
A: beak, talons 3
a: no special abilities


You were on level 1 of the Dungeon.
You were not hungry.

You visited 1 branch of the dungeon, and saw 2 of its levels.

You collected 96 gold pieces.

Inventory:

Hand Weapons
 c - a +0 short sword (weapon)
   (You took it off a kobold on level 1 of the Dungeon)
Armour
 a - a +0 robe (worn)
Scrolls
 b - a scroll of fear {unknown}
 d - 2 scrolls of identify {unknown}
 f - 2 scrolls of remove curse {unknown}
 j - a scroll of fog {unknown}
Potions
 g - a potion of ambrosia {unknown}
 h - a potion of might {unknown}
 i - a potion of agility {unknown}
Comestibles
 e - a ration {!d}


   Skills:
 + Level 1.1 Fighting
 - Level 2.1 Dodging
 - Level 2.0 Stealth
 - Level 2.0 Spellcasting
 * Level 3.0 Conjurations
 * Level 4.0 Fire Magic


You couldn't memorise any spells.
You knew the following spells:

 Your Spells              Type           Power        Failure   Level  Hunger
a - Flame Tongue          Conj/Fire      ##...        4%          1    #......
b - Throw Flame           Conj/Fire      ##....       8%          2    ###....
d - Conjure Flame         Conj/Fire      ##......     14%         3    ###....

Your spell library contained the following spells:

 Spells                   Type           Power        Failure   Level  Hunger
 Fireball                 Conj/Fire      ##........   80%         5    ######.
 Sticky Flame             Conj/Fire      ##......     43%         4    #####..
 Inner Flame              Hex/Fire       #.......     26%         3    ###....


Dungeon Overview and Level Annotations

Branches:
Dungeon (2/15)

Altars:


Innate Abilities, Weirdness & Mutations

You have a beak for a mouth.
You have claws for feet.


Message History

The adder bites you.
You are poisoned.
The adder poisons you!
There is a stone staircase leading up here.
You feel sick. The adder bites you. The adder barely misses you.
You climb upwards.
There is a stone staircase leading down here.
Aim: an adder You can't place the cloud on a creature.
You feel sick.
Aim: an adder You miscast Flame Tongue.
You are very lightly contaminated with residual magic.
You have a brief vision of globes of primordial fire.
The adder bites you.
* * * LOW HITPOINT WARNING * * *
The adder misses you.
Aim: an adder The flame tongue hits the adder.
The adder misses you.
Aim: an adder (almost dead)
The flame tongue hits the adder.
You kill the adder!
Your Conjurations skill increases to level 3!
Your Fire Magic skill increases to level 4!
You start resting.
You feel sick. x2
You are no longer poisoned.
You start resting.
Your magical contamination has completely faded away.
You start resting.
You are near starving!
You butcher the adder corpse.
k - 2 chunks of flesh Eating one of 2 chunks of flesh.
You eat one of the 2 chunks of flesh.
You are feeling hungry.
Eating a chunk of flesh.
You eat the chunk of flesh.
Done exploring.
You start resting.
Done exploring.
There is a stone staircase leading down here.
You climb downwards.
The gnoll barely misses you. The gnoll hits you with a flail.
The gnoll barely misses you.
There is a stone staircase leading up here.
The gnoll hits you with a flail!
* * * LOW HITPOINT WARNING * * *
The gnoll closely misses you. The gnoll barely misses you.
You climb upwards.
There is a stone staircase leading down here.
The gnoll hits you with a flail!
Ouch! That really hurt!
You die...

### ####### ##########
##.## ......#
#........###.#.######
#####.#
#.######.##.#.......#
####..#
#.#......###...####.#
#.....###.#.#....#
##.## #.#
#.###...........@####.#
#.#
#.#≈#..##.#.#.>ggg....#
#.#
..###..##........######
###.#
......#####.##..##
##.).## ).....# #.....#
##.###.## #...###
####+## #.###.#.# ##.##
##...## #.##....# #.###
##.....## #.###.#.#
##.#.### ##.......##
##.###.##


You could see 3 gnolls.

Vanquished Creatures
  An adder (D:1)
  A dart slug (D:1)
  A giant cockroach (D:1)
  6 goblins
  6 hobgoblins
  4 bats (D:1)
  2 frilled lizards
  4 kobolds
  4 rats (D:1)
29 creatures vanquished.

Notes
Turn   | Place    | Note
-------+----------+-------------------------------------------
     0 | D:1      | Jynxie the Tengu Fire Elementalist began the quest for the Orb.
     0 | D:1      | Reached XP level 1. HP: 10/10 MP: 4/4
   212 | D:1      | Reached XP level 2. HP: 16/16 MP: 4/6
   231 | D:1      | Learned a level 2 spell: Throw Flame
   875 | D:1      | Reached XP level 3. HP: 20/20 MP: 2/7
  1198 | D:1      | Learned a level 3 spell: Conjure Flame
  1295 | D:2      | Reached skill level 1 in Fighting
  1453 | D:1      | Reached skill level 4 in Fire Magic
  1679 | D:1      | Slain by a gnoll

Vault maps used:
D:1:      nicolae_arrival_somewhat_less_tricky_arrival, feat_on_display
D:2:      first_ration

Skill      XL: |  1  2  3 |
---------------+----------+-----
Conjurations   | 2 3 |  3.0
Fighting       | 1 |  1.1
Fire Magic     | 4 |  4.0
Dodging        | |  2.1
Stealth        | |  2.0
Spellcasting   | |  2.0

Action                   || total
-------------------------++-------
Melee: Short sword       ||     6
       Kick              ||     4
       Peck              ||     1
 Cast: Flame Tongue      ||    41
       Throw Flame       ||     8
       Conjure Flame     ||     1
  Eat: Chunk             ||     4
Armor: Robe              ||     2
Dodge: Dodged            ||    20

Table legend:
 A = Spawn XP
 B = Non-spawn XP
 C = Spawn XP percentage of total XP
 D = Spawn monster count
 E = Non-spawn monster count
 F = Spawn count percentage of total count
 G = Total turns spent on level
                    A         B        C        D         E        F      G
               +---------+---------+-------+---------+---------+-------+---------
         Total |       0 |      57 |   0.0 |       0 |      29 |   0.0 |  1679
               +---------+---------+-------+---------+---------+-------+---------
           D:1 |       0 |      47 |   0.0 |       0 |      23 |   0.0 |  1575
           D:2 |       0 |      10 |   0.0 |       0 |       6 |   0.0 |   104
               +---------+---------+-------+---------+---------+-------+---------
